General information
- name: BNet
- type: Ladder team game (AT/RT)
- host: Battle.net
- saver: polishgod
map: Cherryville
- players: 8
- length: 42:23
- speed: Fast
- version: 1.28 W3XP
- replay type: Public
» download(387 KB)
Players
team 1 (winner)

»
alsaria (
yellow | 64 APM | 2723 actions | 42:22)
7 Blademaster
3 Wind Walk
3 Critical Strike
1 Bladestorm
» actions
| Assign group hotkey | 27 | |
| Basic commands | 2 | |
| Build / train | 85 | |
| ESC pressed | 7 | |
| Enter build submenu | 29 | |
| Enter hero's abilities submenu | 7 | |
| Give item / drop item | 1 | |
| Right click | 1758 | |
| Select / deselect | 373 | |
| Select group hotkey | 306 | |
| Use ability | 128 | |
2723 total
» units
| Peon | 15 | |
| Grunt | 10 | |
| Tauren | 8 | |
| Troll Batrider | 10 | |
| Raider | 1 | |
44 total
» upgrades
| Armor | 2 | |
| Berserker Strength | 1 | |
| Melee Weapons | 1 | |
| Pulverize | 1 | |
| Ranged Weapons | 2 | |
7 total
» buildings
| Altar of Storms | 1 | |
| Orc Burrow | 10 | |
| Voodoo Lounge | 1 | |
| Barracks | 1 | |
| Stronghold | 1 | |
| War Mill | 1 | |
| Fortress | 1 | |
| Tauren Totem | 1 | |
| Great Hall | 4 | |
| Beastiary | 2 | |
23 total
» build order
00:03 Altar of Storms
00:23 Orc Burrow
00:24 Orc Burrow
00:38 Voodoo Lounge
01:27 Barracks
02:25 Orc Burrow
02:27 Orc Burrow
02:58 Stronghold
04:13 Orc Burrow
04:16 War Mill
05:31 Fortress
07:59 Tauren Totem
08:08 Orc Burrow
10:06 Great Hall
13:33 Orc Burrow
13:37 Orc Burrow
13:58 Orc Burrow
14:42 Orc Burrow
17:19 Beastiary
18:02 Beastiary
19:01 Great Hall
24:27 Great Hall
27:04 Great Hall
» items
| Healing Salve | 4 | |
| Lesser Clarity Potion | 4 | |
| Scroll of Speed | 1 | |
| Potion of Healing | 5 | |
| Orb of Lightning | 1 | |
| Potion of Mana | 2 | |
| Scroll of Town Portal | 2 | |
| Boots of Speed | 1 | |
| Scroll of Regeneration | 1 | |
21 total

»
ChapterFour (
orange | 80 APM | 3239 actions | 40:31)
6 Death Knight
3 Death Coil
2 Unholy Aura
1 Animate Dead
4 Lich
2 Frost Nova
2 Frost Armor
4 Crypt Lord
2 Impale
2 Spiked Carapace
» actions
| Assign group hotkey | 78 | |
| Basic commands | 34 | |
| Build / train | 80 | |
| ESC pressed | 1 | |
| Enter build submenu | 26 | |
| Enter hero's abilities submenu | 14 | |
| Give item / drop item | 4 | |
| Right click | 832 | |
| Select / deselect | 511 | |
| Select group hotkey | 1508 | |
| Use ability | 151 | |
3239 total
» units
| Acolyte | 14 | |
| Ghoul | 4 | |
| Crypt Fiend | 5 | |
| Frost Wyrm | 6 | |
29 total
» upgrades
| Creature Attack | 3 | |
| Burrow | 1 | |
| Web | 1 | |
| Creature Carapace | 3 | |
| Freezing Breath | 1 | |
9 total
» buildings
| Graveyard | 1 | |
| Crypt | 1 | |
| Altar of Darkness | 1 | |
| Ziggurat | 13 | |
| Tomb of Relics | 1 | |
| Halls of the Dead | 1 | |
| Necropolis | 2 | |
| Black Citadel | 1 | |
| Sacrificial Pit | 2 | |
| Spirit Tower | 6 | |
| Boneyard | 2 | |
31 total
» build order
00:11 Graveyard
00:13 Crypt
00:52 Altar of Darkness
01:07 Ziggurat
01:34 Ziggurat
01:48 Tomb of Relics
04:30 Halls of the Dead
05:28 Ziggurat
05:48 Necropolis
06:06 Ziggurat
08:15 Ziggurat
08:18 Ziggurat
08:44 Black Citadel
08:46 Sacrificial Pit
08:49 Sacrificial Pit
09:19 Ziggurat
09:20 Spirit Tower
09:26 Spirit Tower
09:26 Spirit Tower
10:19 Ziggurat
10:23 Spirit Tower
11:09 Boneyard
11:10 Boneyard
19:44 Ziggurat
23:35 Ziggurat
26:56 Spirit Tower
26:57 Ziggurat
26:58 Ziggurat
27:53 Ziggurat
31:48 Necropolis
34:25 Spirit Tower
» items
| Rod of Necromancy | 2 | |
| Orb of Corruption | 1 | |
| Scroll of Healing | 5 | |
| Scroll of Town Portal | 5 | |
| Potion of Healing | 1 | |
14 total
polishgod (
blue | 120 APM | 5080 actions | 42:23)
5 Blademaster
3 Wind Walk
2 Critical Strike
3 Shadow Hunter
2 Hex
1 Healing Wave
» actions
| Assign group hotkey | 83 | |
| Basic commands | 618 | |
| Build / train | 158 | |
| ESC pressed | 3 | |
| Enter build submenu | 62 | |
| Enter hero's abilities submenu | 8 | |
| Give item / drop item | 12 | |
| Remove unit from queue | 1 | |
| Right click | 1411 | |
| Select / deselect | 640 | |
| Select group hotkey | 1821 | |
| Use ability | 262 | |
5080 total
» units
| Peon | 12 | |
| Grunt | 12 | |
| Goblin Shredder | 4 | |
| Troll Headhunter/Berserker | 11 | |
| Kodo Beast | 1 | |
| Shaman | 4 | |
| Wind Rider | 9 | |
| Troll Witch Doctor | 2 | |
| Goblin Sapper | 3 | |
58 total
» upgrades
| Berserker Strength | 1 | |
| Pillage | 1 | |
| Armor | 3 | |
| Ranged Weapons | 3 | |
| Berserker Upgrade | 1 | |
| War Drums Damage Increase | 1 | |
| Shaman Training | 2 | |
| Reinforced Defenses | 1 | |
| Troll Regeneration | 1 | |
| Spiked Barricades | 3 | |
| Witch Doctor Training | 2 | |
| Envenomed Spears | 1 | |
| Spirit Walker Training | 2 | |
| Melee Weapons | 1 | |
23 total
» buildings
| Orc Burrow | 6 | |
| Altar of Storms | 1 | |
| Barracks | 1 | |
| Voodoo Lounge | 1 | |
| Stronghold | 3 | |
| Great Hall | 2 | |
| War Mill | 1 | |
| Fortress | 4 | |
| Beastiary | 4 | |
| Spirit Lodge | 1 | |
| Watch Tower | 34 | |
58 total
» build order
00:07 Orc Burrow
00:52 Altar of Storms
00:54 Barracks
01:21 Orc Burrow
01:43 Voodoo Lounge
02:14 Orc Burrow
03:45 Stronghold
03:45 Stronghold
03:45 Stronghold
04:18 Great Hall
05:30 War Mill
08:01 Fortress
08:02 Fortress
08:02 Fortress
08:02 Fortress
08:29 Beastiary
08:57 Spirit Lodge
10:00 Orc Burrow
11:20 Watch Tower
11:20 Watch Tower
11:21 Watch Tower
11:23 Watch Tower
13:20 Watch Tower
13:24 Watch Tower
13:26 Watch Tower
14:46 Watch Tower
15:29 Beastiary
15:31 Beastiary
16:01 Orc Burrow
16:09 Orc Burrow
17:23 Watch Tower
17:26 Watch Tower
17:28 Watch Tower
17:29 Watch Tower
18:15 Beastiary
18:19 Watch Tower
19:44 Watch Tower
19:46 Watch Tower
19:49 Watch Tower
19:53 Watch Tower
19:53 Watch Tower
19:54 Watch Tower
19:58 Watch Tower
22:59 Watch Tower
22:59 Watch Tower
23:00 Watch Tower
23:01 Watch Tower
23:02 Watch Tower
26:00 Great Hall
26:08 Watch Tower
26:09 Watch Tower
26:09 Watch Tower
26:10 Watch Tower
36:03 Watch Tower
36:04 Watch Tower
36:06 Watch Tower
37:21 Watch Tower
37:23 Watch Tower
» items
| Healing Salve | 4 | |
| Lesser Clarity Potion | 5 | |
| Boots of Speed | 3 | |
| Potion of Mana | 4 | |
| Circlet of Nobility | 1 | |
| Scroll of Town Portal | 3 | |
| Orb of Lightning | 2 | |
| Periapt of Vitality | 1 | |
| Staff of Teleportation | 2 | |
| Potion of Lesser Invulnerability | 1 | |
26 total
alpha0304 (
pink | 22 APM | 891 actions | 40:45)
4 Archmage
2 Summon Water Elemental
2 Brilliance Aura
2 Paladin
1 Divine Shield
1 Holy Light
» actions
| Basic commands | 22 | |
| Build / train | 60 | |
| Enter build submenu | 36 | |
| Enter hero's abilities submenu | 6 | |
| Remove unit from queue | 2 | |
| Right click | 362 | |
| Select / deselect | 347 | |
| Use ability | 56 | |
891 total
» units
| Peasant | 14 | |
| Footman | 5 | |
| Knight | 11 | |
| Siege Engine | 7 | |
37 total
» upgrades
| Lumber Harvesting | 2 | |
| Animal War Training | 1 | |
| Barrage | 1 | |
4 total
» buildings
| Lumber Mill | 1 | |
| Altar of Kings | 1 | |
| Farm | 11 | |
| Barracks | 2 | |
| Scout Tower | 13 | |
| Keep | 1 | |
| Blacksmith | 1 | |
| Town Hall | 3 | |
| Arcane Vault | 1 | |
| Castle | 1 | |
| Workshop | 2 | |
| Guard Tower | 3 | |
40 total
» build order
00:26 Lumber Mill
00:42 Altar of Kings
00:56 Farm
01:14 Barracks
01:34 Farm
01:53 Farm
02:10 Farm
02:36 Farm
02:49 Scout Tower
03:17 Farm
03:20 Scout Tower
03:41 Keep
03:57 Farm
04:02 Farm
04:46 Blacksmith
06:00 Town Hall
06:05 Arcane Vault
06:08 Castle
06:17 Workshop
06:41 Scout Tower
06:43 Scout Tower
06:45 Scout Tower
06:56 Guard Tower
07:58 Scout Tower
08:01 Scout Tower
08:03 Scout Tower
08:14 Scout Tower
08:23 Barracks
08:37 Guard Tower
08:57 Scout Tower
09:38 Workshop
09:45 Guard Tower
15:30 Farm
16:07 Farm
17:17 Farm
19:52 Town Hall
22:02 Town Hall
24:23 Scout Tower
24:25 Scout Tower
24:26 Scout Tower
» items
team 2 (loser)

»
zerzr (
teal | 70 APM | 1344 actions | 19:10)
3 Tauren Chieftain
2 Endurance Aura
1 War Stomp
3 Shadow Hunter
1 Hex
2 Healing Wave
» actions
| Assign group hotkey | 61 | |
| Build / train | 104 | |
| Enter build submenu | 19 | |
| Enter hero's abilities submenu | 6 | |
| Give item / drop item | 2 | |
| Remove unit from queue | 1 | |
| Right click | 469 | |
| Select / deselect | 304 | |
| Select group hotkey | 275 | |
| Use ability | 103 | |
1344 total
» units
| Peon | 17 | |
| Troll Headhunter/Berserker | 11 | |
| Goblin Shredder | 3 | |
| Wind Rider | 5 | |
| Shaman | 2 | |
| Troll Witch Doctor | 3 | |
| Rifleman | 2 | |
| Troll Batrider | 2 | |
45 total
» upgrades
| Spiked Barricades | 1 | |
| Armor | 2 | |
| Ranged Weapons | 3 | |
| Witch Doctor Training | 2 | |
| Shaman Training | 2 | |
| Berserker Upgrade | 1 | |
| Troll Regeneration | 1 | |
| Envenomed Spears | 1 | |
| Reinforced Defenses | 1 | |
| Masonry | 1 | |
15 total
» buildings
| Altar of Storms | 1 | |
| Orc Burrow | 6 | |
| War Mill | 1 | |
| Barracks | 1 | |
| Voodoo Lounge | 1 | |
| Stronghold | 1 | |
| Great Hall | 1 | |
| Watch Tower | 6 | |
| Fortress | 2 | |
| Spirit Lodge | 2 | |
| Beastiary | 1 | |
| Farm | 2 | |
| Castle | 1 | |
26 total
» build order
00:28 Altar of Storms
00:36 Orc Burrow
00:54 War Mill
01:21 Barracks
01:53 Orc Burrow
02:11 Voodoo Lounge
03:37 Orc Burrow
04:25 Stronghold
05:08 Great Hall
05:23 Watch Tower
05:23 Watch Tower
07:41 Fortress
07:41 Fortress
08:26 Watch Tower
08:26 Watch Tower
08:36 Spirit Lodge
08:40 Spirit Lodge
10:18 Beastiary
10:22 Orc Burrow
10:50 Orc Burrow
13:58 Watch Tower
13:59 Watch Tower
14:20 Orc Burrow
15:36 Farm
15:36 Farm
17:42 Castle
» items
| Healing Salve | 5 | |
| Lesser Clarity Potion | 4 | |
| Potion of Healing | 3 | |
| Scroll of Town Portal | 2 | |
| Orb of Lightning | 2 | |
| Potion of Lesser Invulnerability | 2 | |
| Dust of Appearance | 2 | |
| Scroll of Healing | 1 | |
21 total

»
Battlebeast666 (
green | 33 APM | 478 actions | 14:39)
5 Mountain King
3 Storm Bolt
2 Bash
» actions
| Assign group hotkey | 11 | |
| Basic commands | 77 | |
| Build / train | 50 | |
| Enter build submenu | 14 | |
| Enter hero's abilities submenu | 5 | |
| Right click | 132 | |
| Select / deselect | 140 | |
| Select group hotkey | 10 | |
| Use ability | 39 | |
478 total
» units
| Peasant | 8 | |
| Rifleman | 15 | |
| Mortar Team | 4 | |
27 total
» upgrades
| Gunpowder | 2 | |
| Armor | 2 | |
| Long Rifles | 1 | |
| Flare | 1 | |
6 total
» buildings
| Altar of Kings | 1 | |
| Farm | 7 | |
| Barracks | 1 | |
| Blacksmith | 1 | |
| Lumber Mill | 1 | |
| Scout Tower | 1 | |
| Arcane Vault | 1 | |
| Arcane Tower | 1 | |
| Keep | 1 | |
| Workshop | 1 | |
16 total
» build order
00:21 Altar of Kings
00:28 Farm
00:53 Barracks
01:06 Farm
01:17 Farm
01:51 Blacksmith
02:43 Farm
02:54 Lumber Mill
03:37 Scout Tower
03:51 Arcane Vault
04:40 Farm
04:58 Arcane Tower
05:41 Keep
06:09 Farm
06:53 Farm
08:32 Workshop
» items
| Scroll of Regeneration | 4 | |
| Lesser Clarity Potion | 2 | |
| Scroll of Town Portal | 3 | |
9 total
SmearTheQueer (
purple | 99 APM | 4195 actions | 42:22)
10 Archmage
3 Summon Water Elemental
3 Brilliance Aura
1 Mass Teleport
3 Blizzard
» actions
| Assign group hotkey | 62 | |
| Basic commands | 38 | |
| Build / train | 109 | |
| Enter build submenu | 46 | |
| Enter hero's abilities submenu | 10 | |
| Give item / drop item | 4 | |
| Remove unit from queue | 1 | |
| Right click | 1492 | |
| Select / deselect | 526 | |
| Select group hotkey | 1665 | |
| Use ability | 242 | |
4195 total
» units
| Peasant | 15 | |
| Footman | 4 | |
| Goblin Shredder | 1 | |
| Gryphon Rider | 14 | |
| Dragonhawk Rider | 13 | |
| Siege Engine | 2 | |
49 total
» upgrades
| Masonry | 3 | |
| Storm Hammers | 1 | |
| Swords | 3 | |
| Armor | 3 | |
| Animal War Training | 1 | |
| Cloud | 1 | |
| Lumber Harvesting | 1 | |
13 total
» buildings
| Altar of Kings | 1 | |
| Barracks | 1 | |
| Farm | 14 | |
| Lumber Mill | 1 | |
| Keep | 1 | |
| Town Hall | 3 | |
| Arcane Vault | 1 | |
| Scout Tower | 16 | |
| Castle | 1 | |
| Gryphon Aviary | 7 | |
| Blacksmith | 2 | |
| Guard Tower | 4 | |
52 total
» build order
00:49 Altar of Kings
00:50 Barracks
00:53 Farm
00:54 Farm
00:56 Farm
01:04 Farm
01:34 Farm
02:37 Lumber Mill
03:41 Keep
04:03 Town Hall
04:39 Arcane Vault
06:01 Scout Tower
06:02 Scout Tower
06:04 Scout Tower
06:05 Scout Tower
06:06 Scout Tower
06:28 Castle
09:01 Gryphon Aviary
09:01 Gryphon Aviary
09:01 Gryphon Aviary
09:02 Gryphon Aviary
09:15 Gryphon Aviary
09:19 Blacksmith
09:20 Blacksmith
09:24 Farm
11:24 Guard Tower
11:42 Scout Tower
11:43 Scout Tower
11:44 Scout Tower
11:45 Scout Tower
11:46 Scout Tower
11:47 Scout Tower
12:48 Guard Tower
14:13 Farm
14:13 Farm
14:14 Farm
14:15 Farm
14:31 Farm
14:34 Farm
14:35 Farm
14:35 Farm
14:36 Scout Tower
14:37 Scout Tower
14:38 Scout Tower
17:45 Guard Tower
24:51 Gryphon Aviary
24:52 Gryphon Aviary
24:56 Town Hall
25:09 Scout Tower
25:09 Scout Tower
26:58 Guard Tower
36:03 Town Hall
» items
| Healing Salve | 2 | |
| Dust of Appearance | 1 | |
| Scroll of Town Portal | 7 | |
| Scroll of Regeneration | 5 | |
| Mechanical Critter | 9 | |
| Staff of Sanctuary | 1 | |
| Potion of Healing | 1 | |
| Staff of Teleportation | 1 | |
| Boots of Speed | 1 | |
| Periapt of Vitality | 1 | |
29 total
23423 (
red | 66 APM | 1260 actions | 19:13)
3 Mountain King
2 Storm Bolt
1 Bash
» actions
| Assign group hotkey | 20 | |
| Basic commands | 18 | |
| Build / train | 71 | |
| ESC pressed | 3 | |
| Enter build submenu | 34 | |
| Enter hero's abilities submenu | 3 | |
| Remove unit from queue | 1 | |
| Right click | 576 | |
| Select / deselect | 243 | |
| Select group hotkey | 238 | |
| Use ability | 53 | |
1260 total
» units
| Peasant | 19 | |
| Footman | 4 | |
| Rifleman | 15 | |
| Priest | 6 | |
| Goblin Shredder | 1 | |
| Siege Engine | 2 | |
| Mortar Team | 2 | |
| Knight | 1 | |
50 total
» upgrades
| Masonry | 2 | |
| Gunpowder | 1 | |
| Magic Sentry | 1 | |
| Barrage | 1 | |
| Animal War Training | 1 | |
6 total
» buildings
| Farm | 12 | |
| Altar of Kings | 1 | |
| Barracks | 2 | |
| Scout Tower | 13 | |
| Arcane Tower | 1 | |
| Lumber Mill | 1 | |
| Keep | 1 | |
| Blacksmith | 1 | |
| Guard Tower | 7 | |
| Town Hall | 2 | |
| Arcane Sanctum | 1 | |
| Castle | 1 | |
| Workshop | 1 | |
44 total
» build order
00:29 Farm
00:53 Altar of Kings
01:15 Barracks
01:28 Farm
01:36 Scout Tower
02:05 Arcane Tower
02:14 Farm
02:43 Farm
02:58 Lumber Mill
03:46 Keep
04:18 Scout Tower
04:23 Blacksmith
05:21 Guard Tower
06:46 Farm
06:48 Farm
07:32 Town Hall
07:39 Scout Tower
07:45 Arcane Sanctum
08:10 Farm
08:48 Scout Tower
08:55 Scout Tower
09:29 Farm
10:14 Guard Tower
10:29 Guard Tower
10:31 Farm
10:34 Farm
10:35 Farm
12:02 Castle
12:11 Scout Tower
12:31 Scout Tower
12:33 Scout Tower
12:35 Scout Tower
13:02 Town Hall
13:04 Guard Tower
13:49 Guard Tower
13:59 Workshop
14:28 Guard Tower
15:17 Barracks
16:01 Farm
17:41 Scout Tower
17:43 Scout Tower
18:04 Scout Tower
18:10 Scout Tower
18:38 Guard Tower
Chat log
(00:05 / Allies) ChapterFour: Hi
(01:04 / Allies) alpha0304: hi
(01:18 / Allies) alpha0304: units ?
(07:32 / Allies) ChapterFour: need help?
(07:34 / Allies) polishgod: omw
(07:36 / Allies) ChapterFour: k
(08:10 / Allies) alpha0304: ty
(10:37 / Allies) ChapterFour: Wood pls?
(10:45 / Allies) ChapterFour: ty
(12:12 / Allies) ChapterFour: B
(12:22 / Allies) alpha0304: b
(12:23 / Allies) alpha0304: b
(12:23 / Allies) alpha0304: b
(12:26 / Allies) ChapterFour: need AA
(12:56 / Allies) alpha0304: wood pls
(13:06 / Allies) alpha0304: ty
(13:15 / Allies) ChapterFour: ALL TP
(13:21 / Allies) alpha0304: tp
(14:41 / All) polishgod: wow
(14:42 / All) polishgod: what a pussy
(14:44 / All) SmearTheQueer: ???
(15:13 / Allies) ChapterFour: all meet middle
(15:14 / Allies) ChapterFour: and go
(15:19 / Allies) polishgod: hit top
(15:24 / Allies) ChapterFour: k
(16:32 / Allies) alpha0304: tower
(16:49 / Allies) ChapterFour: B
(16:52 / Allies) ChapterFour: ffs blue..
(16:57 / Allies) ChapterFour: what u doing?
(17:10 / Allies) polishgod: dobry vyeshkoor
(17:52 / Allies) ChapterFour: TP
(17:53 / Allies) ChapterFour: all
(18:02 / Allies) ChapterFour: TP?
(18:03 / Allies) ChapterFour: pink?
(18:04 / Allies) alpha0304: tp
(19:16 / Allies) alpha0304: lol
(19:18 / All) polishgod: wpw lol
(19:22 / All) polishgod: give up at first sign of struggle
(19:30 / All) polishgod: I just have 50 food berserkers and made 2 players leave
(20:27 / All) polishgod: pink if you press the dots by the minimap your units move faster
(20:41 / Allies) alpha0304: sorry
(21:11 / Allies) alpha0304: come blue
(22:44 / Allies) alpha0304: attack
(23:49 / Allies) alpha0304: tp
(24:38 / Allies) ChapterFour: why blue?
(24:56 / Allies) ChapterFour: why?
(25:06 / Allies) alpha0304: blue
(25:22 / Allies) alpha0304: wtf
(25:31 / All) polishgod: Pink and oj never seen a tk before
(26:35 / Allies) alpha0304: fuck you
(26:42 / All) polishgod: POLAND #1
(26:47 / Allies) ChapterFour: Just don't get the point ^^
(26:53 / All) polishgod: FOR POLAND!
(27:03 / All) polishgod: SLAVA
(29:40 / Allies) ChapterFour: Why blue?
(29:47 / Allies) ChapterFour: Give me a good reason :)
(29:53 / Allies) polishgod: fun
(30:04 / Allies) ChapterFour: More fun to win? no?
(30:12 / Allies) ChapterFour: ofc u will kill us
(30:13 / Allies) polishgod: tking is the best fun
(30:14 / Allies) polishgod: in this game
(30:16 / Allies) ChapterFour: We have fighted all game
(30:19 / Allies) ChapterFour: u shit units, towers
(30:20 / Allies) ChapterFour: 4 k gold
(30:26 / Allies) ChapterFour: and then attk us when we are wounded
(30:37 / All) polishgod: WOOT
(30:39 / All) polishgod: GOT YELLOW BM
(30:46 / All) alsaria: lucky you
(30:48 / Allies) polishgod: says the noob who can't defeat 1 tker
(31:05 / Allies) ChapterFour: Wanna go 1v1*?
(31:05 / All) SmearTheQueer: green is an absolute pussy, got hero killed and rage quit
(31:17 / Allies) ChapterFour: Or u fear?
(31:18 / All) SmearTheQueer: there's way more pussies on northrend than useast
(31:25 / All) SmearTheQueer: But teams are usually more balanced
(31:26 / Allies) polishgod: 'wut
(31:38 / Allies) alpha0304: you so stupid
(31:44 / Allies) alpha0304: re
(31:49 / Allies) alsaria: nowadays both teams got tk's or leaver
(31:50 / Allies) polishgod: you had toggle formation on pink
(31:52 / All) alsaria: so balanaced
(31:53 / Allies) polishgod: don't talk down to me
(32:04 / Allies) alpha0304: puta
(32:11 / All) polishgod: teal is a spic
(32:12 / All) polishgod: PUTA
(32:13 / All) polishgod: he says
(32:13 / Allies) ChapterFour: But u noob blue
(32:18 / Allies) ChapterFour: let's play 1v1? :)
(32:22 / Allies) alpha0304: blue noob
(32:25 / Allies) alpha0304: so nooob
(32:26 / All) polishgod: noob raped you 1v3 this game
(32:27 / All) polishgod: no re
(32:29 / All) polishgod: sry
(32:35 / Allies) ChapterFour: ahah
(32:36 / Allies) alpha0304: NOOOOOOOOOOOB
(32:37 / Allies) ChapterFour: Fear
(32:38 / Allies) ChapterFour: :()
(32:44 / All) polishgod: NO FEAR
(32:47 / Allies) ChapterFour: yup
(32:52 / Allies) alpha0304: no life
(33:09 / All) polishgod: how's this any dif from what you do
(33:30 / All) ChapterFour: bg
(33:38 / All) polishgod: GG
(33:39 / All) polishgod: TEAM
(33:42 / Allies) alpha0304: il est con
(33:43 / All) polishgod: YOU EARNED THIS WIN PURP
(33:44 / All) polishgod: GOOD PLAYER
(33:51 / Allies) alpha0304: nooob blue
(33:55 / Allies) alpha0304: stupid gamer
(33:56 / All) ChapterFour: lol good player? mass air no micro
(33:58 / All) ChapterFour: only 1 hero
(34:03 / All) ChapterFour: I would rape purple every solo game
(34:20 / All) SmearTheQueer: lol
(34:26 / All) polishgod: GG NOOB TEAM
(34:26 / All) SmearTheQueer: orange you had to have tank help
(34:30 / All) SmearTheQueer: and bat help
(34:31 / All) polishgod: THIS GAME IS GLORY OF POLAND
(34:32 / All) SmearTheQueer: you fucking faggot
(34:35 / All) ChapterFour: Oh really?
(34:36 / All) polishgod: TY NOOBS FOR LOSS
(34:37 / All) ChapterFour: go see replay
(34:43 / All) SmearTheQueer: you entered my base after I got batted and tanked
(34:47 / All) ChapterFour: na
(34:48 / All) SmearTheQueer: fucking dumb noob
(34:49 / All) SmearTheQueer: ya
(34:51 / All) ChapterFour: lol
(34:59 / All) SmearTheQueer: my shit was all hurt and I had lost a good portion
(35:01 / All) SmearTheQueer: you moron
(35:06 / All) ChapterFour: So you mean, you would beat me in 1v1 game?
(35:07 / All) SmearTheQueer: now leave, I won fair and square
(35:12 / All) SmearTheQueer: Yeah I just did
(35:20 / All) ChapterFour: So let's play?
(35:21 / All) polishgod: Oj's ego is hurt he just got raped
(35:22 / All) ChapterFour: 1v1
(35:24 / All) polishgod: desperate to try to prove himself
(35:26 / All) polishgod: to save face
(35:26 / All) SmearTheQueer: Play now
(35:28 / All) SmearTheQueer: beat me
(35:36 / All) ChapterFour: You fun :)
(35:37 / All) SmearTheQueer: BEAT ME!
(35:39 / All) ChapterFour: haha
(35:40 / All) SmearTheQueer: haha!
(35:47 / All) SmearTheQueer: See you need help to save you
(35:48 / All) ChapterFour: Don't know what world u live in
(36:20 / Allies) ChapterFour: blue
(36:23 / Allies) ChapterFour: polishgod
(36:24 / Allies) polishgod: OUT
(36:25 / Allies) ChapterFour: there is no
(36:26 / All) SmearTheQueer: save your expo, 1v1
(36:30 / Allies) ChapterFour: Only hoes in poland :)
(36:36 / Allies) ChapterFour: Very dirty country
(36:41 / Allies) ChapterFour: Like urself
(36:42 / Allies) ChapterFour: yup
(36:45 / All) polishgod: NO DIRTY
(36:47 / All) polishgod: POLAND GREAT NATION
(36:52 / All) polishgod: THIS GAME PROVE IT, WE SUPERIOR AT WC3
(36:53 / Allies) alpha0304: lol
(36:57 / Allies) ChapterFour: HAHAHA
(37:09 / Allies) ChapterFour: Who was the best ud player in the world?
(37:13 / Allies) ChapterFour: 2004-2008
(37:13 / All) polishgod: ME
(37:16 / Allies) ChapterFour: na
(37:18 / Allies) ChapterFour: madfrog
(37:26 / All) alpha0304: yes
(37:31 / All) polishgod: FROM OJ?
(37:32 / All) polishgod: PINK?
(37:36 / All) ChapterFour: Swe
(37:42 / All) polishgod: LOL
(37:47 / All) polishgod: SWEDE SAYS HIS COUNTRY BETTER THAN POLAND
(37:51 / All) polishgod: ENJOYING UR RAPEFUGEES?
(38:06 / All) alpha0304: fuck poland
(38:10 / All) polishgod: he probably taking it in ass from arab right now
(38:11 / All) ChapterFour: Polish citizsens: First job, truck driver
(38:12 / All) polishgod: swede cuck
(38:13 / All) ChapterFour: second thief
(38:14 / All) ChapterFour: trust me
(38:15 / All) SmearTheQueer: My team left when I was doing work with mass tp
(38:24 / All) SmearTheQueer: buncha pussies on euro
(38:26 / All) polishgod: A swede is talking shit saying his country better purp
(38:27 / All) SmearTheQueer: must have been swedes
(38:29 / All) polishgod: you believe this?
(38:31 / All) SmearTheQueer: SWEDEN YES!
(38:33 / All) polishgod: joke of europe and world
(38:42 / All) ChapterFour: Best girls
(38:44 / All) ChapterFour: best economy
(38:47 / All) ChapterFour: :)
(38:52 / All) polishgod: best girls for immigrants to rape
(38:56 / All) ChapterFour: Na
(39:07 / All) polishgod: swedes good at nothing
(39:11 / All) alpha0304: fuck poland
(39:13 / All) alpha0304: and you
(39:14 / All) ChapterFour: You don't know what ur talking about
(39:15 / All) ChapterFour: :)
(39:17 / All) ChapterFour: clearly
(39:23 / All) SmearTheQueer: swedes good at letting hteir women get raped by 120 lb savages with weak bones
(39:25 / All) polishgod: your country is world joke
(39:30 / All) alpha0304: 1vs1 you loose
(39:32 / All) polishgod: Purp right
(39:35 / All) polishgod: Poland superior land
(39:38 / All) SmearTheQueer: 1v1 I crush you all, as I did this game!
(39:42 / All) polishgod: POLAND >>>>> SWEDEN
(39:45 / All) ChapterFour: this is 4v4
(39:45 / All) polishgod: SAY IT WITH ME PURP
(39:46 / All) ChapterFour: not 1v1
(39:48 / All) polishgod: POLAND >>>> SWEDEN
(39:49 / All) SmearTheQueer: I 1v4
(39:50 / All) polishgod: EVERYWHERE >>>> SWEDEN
(39:52 / All) SmearTheQueer: I am supreme player
(40:31 / All) ChapterFour: Well, hope ur happy with ur lifes :) WP gj bye bye
(40:34 / All) alpha0304: cia noob
(41:17 / All) polishgod: I had perfect bm items this game
(41:23 / All) polishgod: pendant of energy, gloves of haste, claws +9
(41:24 / All) SmearTheQueer: my team were all pussies
(41:26 / All) polishgod: couldn't have better drops
(41:59 / All) SmearTheQueer: I didn't use the leavers at all except got their mks after like 15 minutes of being dead
(42:10 / All) polishgod: anything to say for yourself yellow noob?
(42:15 / All) polishgod: POLAND GREAT COUNTRY